 Dungeon Crawl Stone Soup version 0.27.1-1-g398f81649c (webtiles) character file.

Game seed: 7125569533569890828

965 MisterFreud the Shield-Bearer (level 8, -3/100 HPs)
             Began as a Gnoll Fighter on Sept 12, 2021.
             Was a Believer of Trog.
             Killed by divine providence
             ... invoked by an orc priest
              (16 damage)
             ... on level 5 of the Dungeon.
             The game lasted 00:05:03 (4425 turns).

MisterFreud the Shield-Bearer (Gnoll Fighter)       Turns: 4425, Time: 00:05:04

Health: -3/100     AC: 24    Str: 16    XL:     8   Next: 15%
Magic:  12/12      EV:  2    Int:  8    God:    Trog [**....]
Gold:   202        SH: 10    Dex: 13    Spells: 13/13 levels left

rFire    . . .     SeeInvis .   h - +2 hand axe (vamp)
rCold    . . .     Faith    .   c - +0 kite shield
rNeg     + + +     Spirit   .   (armour currently unavailable)
rPois    +         Reflect  .   (helmet currently unavailable)
rElec    .         Harm     .   (cloak currently unavailable)
rCorr    .         Rampage  .   (gloves currently unavailable)
Will     .....     NoTele   +   (boots currently unavailable)
Stlth    ++........             k - amulet of regeneration
HPRegen  1.26/turn              (no ring)
MPRegen  0.13/turn              (no ring)

@: tree-form, hasted, very quick
A: stationary, stasis, torment immunity, boosted hp, (fangs 1), strong nose,
distributed training
a: Renounce Religion, Berserk, Trog's Hand


You were on level 5 of the Dungeon.
You worshipped Trog.
Trog was pleased with you.
You were a tree.
You visited 1 branch of the dungeon, and saw 5 of its levels.

You collected 202 gold pieces.

Inventory:

Hand Weapons
 a - a +0 rapier
 h - a +2 vampiric hand axe (weapon)
Armour
 b - a +0 scale mail (melded)
 c - a +0 kite shield (worn)
 u - a +0 cloak (melded)
 v - a +0 helmet (melded)
Jewellery
 k - an amulet of regeneration (around neck)
 l - a ring of ice
 n - a ring of ice
Wands
 m - a wand of mindburst (9)
 p - a wand of flame (12)
 t - a wand of acid (6)
Scrolls
 f - a scroll of brand weapon {unknown}
 g - 2 scrolls of blinking {unknown}
 j - 5 scrolls of identify {unknown}
 o - a scroll of fog {unknown}
 w - a scroll of enchant weapon {unknown}
 x - a scroll of magic mapping {unknown}
Potions
 d - a potion of might
 e - 2 potions of haste
 i - 2 potions of attraction {unknown}
 q - a potion of curing {unknown}
 r - a potion of invisibility {unknown}
 s - a potion of lignification


   Skills:
 + Level 7.2 Fighting
 + Level 5.5 Short Blades
 + Level 3.0 Long Blades
 + Level 3.0 Axes
 + Level 3.0 Maces & Flails
 + Level 3.0 Polearms
 + Level 3.0 Staves
 + Level 3.0 Slings
 + Level 3.0 Bows
 + Level 3.0 Crossbows
 + Level 3.0 Throwing
 + Level 7.2 Armour
 + Level 3.0 Dodging
 + Level 3.0 Stealth
 + Level 7.2 Shields
 + Level 3.0 Unarmed Combat
 + Level 3.0 Spellcasting
 + Level 2.4 Conjurations
 + Level 2.4 Hexes
 + Level 2.4 Summonings
 + Level 2.4 Necromancy
 + Level 2.4 Translocations
 + Level 2.4 Transmutations
 + Level 2.4 Fire Magic
 + Level 2.4 Ice Magic
 + Level 2.4 Air Magic
 + Level 2.4 Earth Magic
 + Level 2.4 Poison Magic
 + Level 3.3 Invocations
 + Level 3.0 Evocations


You had 13 spell levels left.
You didn't know any spells.
Your spell library contained the following spells:

 Spells                   Type           Power      Damage    Failure   Level
 Corona                   Hex            5%         N/A       32%         1
 Ensorcelled Hibernation  Hex/Ice        10%        N/A       43%         2
 Ozocubu's Armour         Ice            5%         N/A       67%         3
 Tukima's Dance           Hex            5%         N/A       67%         3
 Metabolic Englaciation   Hex/Ice        2%         N/A       100%        5
 Simulacrum               Ice/Necr       2%         N/A       100%        6


Dungeon Overview and Level Annotations

Branches:
Dungeon (5/15)
 Temple: D:4-7

Altars:
Ashenzari
Dithmenos
Elyvilon
Makhleb
Sif Muna
Trog
Yredelemnul
Zin

Shops:
D:4 [

Annotations:
D:3 2 transporters, MisterFreud's ghost, amateur GnFi
D:4 1 runed translucent door


Innate Abilities, Weirdness & Mutations

You are a tree.
Your roots penetrate the ground, keeping you stationary.
You cannot be teleported.
You are immune to unholy pain and torment.
Your maximum health is greatly increased.
Your equipment is partially melded.
((You have very sharp teeth.))
Your uncanny sense of smell can sniff out nearby items.
Your experience applies equally to all skills.


Message History

The orc hits you but does no damage.
Your scale mail prevents you from hitting the orc.
The orc priest hits you from afar with a +0 trident.
* * * LOW HITPOINT WARNING * * *
You block the orc's attack.
The orc priest hits you but does no damage.
Your scale mail prevents you from hitting the orc.
The orc hits you but does no damage. You block the orc priest's attack.
You barely miss the orc.
The orc hits you with a +2 dagger of protection.
* * * LOW HITPOINT WARNING * * *
The orc priest casts a cantrip, but nothing happens.
The orc hits you but does no damage.
You hit the orc. You bite the orc, but do no damage.
The orc is severely wounded.
The orc priest hits you but does no damage.
The orc hits you with a +2 dagger of protection.
* * * LOW HITPOINT WARNING * * *
The orc priest hits you from afar with a +0 trident.
* * * LOW HITPOINT WARNING * * *
You hit the orc but do no damage. You bite the orc, but do no damage.
The orc is severely wounded.
The orc misses you.
The orc priest hits you but does no damage.
Okay, then.
Unknown command.
It was a potion of haste.
You feel yourself speed up. The orc barely misses you.
You block the orc priest's attack.
It was a potion of lignification.
You turn into a tree.
Your +0 cloak melds into your body.
Your +0 helmet melds into your body.
Your +0 scale mail melds into your body.
Your roots penetrate the ground.
You block the orc's attack.
The orc priest calls upon Beogh to heal the orc.
The orc is healed somewhat.
You hit the orc but do no damage.
The orc is lightly wounded.
You block the orc's attack.
The orc priest invokes the aid of Beogh against you.
Beogh smites you!
You die... ######## #......# ......# ..... [Zo

#o# #♣# #.##
################..#####
........................
........#########.######
........# ..# ........#
#.# ######..# .# ∆ #..#
.#


You could see an orc priest, an orc and a centaur zombie.

Vanquished Creatures
  An ice beast (D:5)
  An ogre (D:4)
  A necrophage (D:4)
  The ghost of Manslay the Conjurer, an amateur DsCj (D:4)
  A gnoll sergeant (D:5)
  A scorpion (D:3)
  A water moccasin skeleton (D:4)
  A centaur skeleton (D:4)
  2 hounds
  Crazy Yiuf (D:4)
  A bullfrog skeleton (D:4)
  An orc priest (D:5)
  A hound skeleton (D:4)
  8 gnolls
  A howler monkey skeleton (D:5)
  10 adders
  A river rat (D:4)
  A dart slug (D:3)
  5 orcs
  6 ball pythons
  2 bats
  5 endoplasms
  4 giant cockroaches (D:4)
  2 goblins
  7 hobgoblins
  11 jackals
  4 quokkas
  2 frilled lizards
  6 kobolds
  6 rats
95 creatures vanquished.

Notes
Turn   | Place    | Note
-------+----------+-------------------------------------------
     0 | D:1      | MisterFreud the Gnoll Fighter began the quest for the Orb.
     0 | D:1      | Reached XP level 1. HP: 23/23 MP: 1/1
   196 | D:1      | Reached XP level 2. HP: 18/29 MP: 2/2
   923 | D:2      | Reached XP level 3. HP: 28/35 MP: 3/3
  1320 | D:2      | Reached skill level 1 in Invocations
  1329 | D:2      | Reached skill level 1 in Long Blades
  1329 | D:2      | Reached skill level 1 in Axes
  1329 | D:2      | Reached skill level 1 in Maces & Flails
  1329 | D:2      | Reached skill level 1 in Polearms
  1329 | D:2      | Reached skill level 1 in Staves
  1329 | D:2      | Reached skill level 1 in Slings
  1329 | D:2      | Reached skill level 1 in Bows
  1329 | D:2      | Reached skill level 1 in Crossbows
  1329 | D:2      | Reached skill level 1 in Throwing
  1329 | D:2      | Reached skill level 1 in Dodging
  1329 | D:2      | Reached skill level 1 in Stealth
  1329 | D:2      | Reached skill level 1 in Unarmed Combat
  1329 | D:2      | Reached skill level 1 in Spellcasting
  1329 | D:2      | Reached skill level 1 in Evocations
  1567 | D:2      | Reached XP level 4. HP: 39/41 MP: 5/5
  1637 | D:2      | Found a faded altar of an unknown god.
  1704 | D:2      | Became a worshipper of Trog the Wrathful
  1704 | D:2      | Reached * piety under Trog
  2006 | D:2      | Reached skill level 1 in Conjurations
  2006 | D:2      | Reached skill level 1 in Hexes
  2006 | D:2      | Reached skill level 1 in Summonings
  2006 | D:2      | Reached skill level 1 in Necromancy
  2006 | D:2      | Reached skill level 1 in Translocations
  2006 | D:2      | Reached skill level 1 in Transmutations
  2006 | D:2      | Reached skill level 1 in Fire Magic
  2006 | D:2      | Reached skill level 1 in Ice Magic
  2006 | D:2      | Reached skill level 1 in Air Magic
  2006 | D:2      | Reached skill level 1 in Earth Magic
  2006 | D:2      | Reached skill level 1 in Poison Magic
  2381 | D:3      | Found a glowing silver altar of Zin.
  2393 | D:3      | Reached XP level 5. HP: 47/47 MP: 5/7
  2502 | D:3      | Found a shimmering blue altar of Sif Muna.
  2630 | D:3      | Reached ** piety under Trog
  2823 | D:3      | Found a transporter.
  2823 | D:3      | Found a transporter.
  2823 | D:3      | Noticed MisterFreud's ghost (amateur GnFi)
  2826 | D:3      | Noticed an ogre
  3135 | D:4      | Reached XP level 6. HP: 53/53 MP: 8/8
  3173 | D:4      | Found a runed translucent door.
  3174 | D:4      | Noticed Crazy Yiuf
  3196 | D:4      | Found a broken altar of Ashenzari.
  3270 | D:4      | Found a shadowy altar of Dithmenos.
  3286 | D:4      | Found a runed translucent door.
  3287 | D:4      | Noticed Manslay's ghost (amateur DsCj)
  3294 | D:4      | Found Lebow's Armour Boutique.
  3511 | D:4      | Reached skill level 5 in Short Blades
  3628 | D:4      | Reached XP level 7. HP: 37/59 MP: 10/10
  3748 | D:4      | Found a burning altar of Makhleb.
  3778 | D:4      | Found a runed translucent door.
  3847 | D:4      | Found a basalt altar of Yredelemnul.
  4031 | D:4      | Killed Manslay's ghost
  4104 | D:4      | Killed Crazy Yiuf
  4239 | D:5      | Entered Level 5 of the Dungeon
  4291 | D:5      | Found a white marble altar of Elyvilon.
  4346 | D:5      | Reached XP level 8. HP: 38/67 MP: 12/12
  4425 | D:5      | Killed from afar by an orc priest

Illustrated notes

Levels and vault maps discovered:
D:1:      zaba_arrival_water, layout_loops_cross
D:2:      layout_basic, chequers_ecumenical_altar_lobes
D:3:      layout_loops_ring, nicolae_sif_muna_condensation,
          mainiacjoe_overflow_alcove_4, gammafunk_ghost_smash, st_stairs_11,
          kennysheep_nondescript, minmay_pentomino_pile
D:4:      layout_gridville, makhleb_blood_cavern_becter,
          mainiacjoe_overflow_six_doors_small, mainiacjoe_overflow_big_doors,
          serial_shops, nicolae_shop_behind_doors, ebering_ghost_sewer_f,
          uniq_crazy_yiuf_cottage
D:5:      layout_basic, trog_book, nicolae_elyvilon_peaceful_grove,
          serial_shops, nicolae_lakefront_shop

Skill      XL: |  1  2  3  4  5  6  7  8 |
---------------+-------------------------+-----
Invocations    | 1 2 3 |  3.3
Long Blades    | 1 2 3 |  3.0
Axes           | 1 2 3 |  3.0
Maces & Flails | 1 2 3 |  3.0
Polearms       | 1 2 3 |  3.0
Staves         | 1 2 3 |  3.0
Slings         | 1 2 3 |  3.0
Bows           | 1 2 3 |  3.0
Crossbows      | 1 2 3 |  3.0
Throwing       | 1 2 3 |  3.0
Dodging        | 1 2 3 |  3.0
Stealth        | 1 2 3 |  3.0
Unarmed Combat | 1 2 3 |  3.0
Spellcasting   | 1 2 3 |  3.0
Evocations     | 1 2 3 |  3.0
Conjurations   | 1 2 |  2.4
Hexes          | 1 2 |  2.4
Summonings     | 1 2 |  2.4
Necromancy     | 1 2 |  2.4
Translocations | 1 2 |  2.4
Transmutations | 1 2 |  2.4
Fire Magic     | 1 2 |  2.4
Ice Magic      | 1 2 |  2.4
Air Magic      | 1 2 |  2.4
Earth Magic    | 1 2 |  2.4
Poison Magic   | 1 2 |  2.4
Short Blades   | 5 |  5.5
Fighting       | 7 |  7.2
Armour         | 7 |  7.2
Shields        | 7 |  7.2

Action                   |  1- 3 |  4- 6 |  7- 9 || total
-------------------------+-------+-------+-------++-------
Melee: Rapier            |    72 |       |    28 ||   100
       Bite              |     6 |    18 |    14 ||    38
       Hand axe          |       |   160 |    87 ||   247
Invok: Berserk           |       |     1 |     3 ||     4
  Use: Potion            |       |       |     2 ||     2
Armor: Scale mail        |    10 |    63 |    43 ||   116
Dodge: Dodged            |    20 |    72 |    45 ||   137
Block: Kite shield       |    39 |   111 |    69 ||   219
